 Dungeon Crawl Stone Soup version 0.18-a0-19-g8b99b3a (webtiles) character file.

961 TruthSerum the Fighter (level 7, -5/69 HPs)
             Began as a Minotaur Fighter on Nov 1, 2015.
             Slain by Pikel
             ... wielding a +2 whip of flaming
              (6 damage)
             ... on level 5 of the Dungeon.
             The game lasted 00:13:19 (2981 turns).

TruthSerum the Fighter (Minotaur Fighter)           Turns: 2981, Time: 00:13:19

Health: -5/69      AC:  6    Str: 20    XL:     7   Next: 92%
Magic:  6/6        EV:  7    Int:  5    God:
Gold:   176        SH: 10    Dex: 12    Spells: 0 memorised, 6 levels left

rFire  . . .     SeeInvis .     a - +0 flail
rCold  . . .     Clarity  .     b - +0 scale mail
rNeg   . . .     SustAt   .     c - +1 shield
rPois  .         Gourm    .     (helmet restricted)
rElec  .         Spirit   .     (no cloak)
rCorr  .         Warding  .     (no gloves)
rMut   .         Stasis   .     (no boots)
MR     +....                    (no amulet)
Stlth  ..........               (no ring)
                                n - ring of protection from magic

@: somewhat resistant to hostile enchantments, extremely unstealthy
A: retaliatory headbutt, horns 2
a: no special abilities


You were on level 5 of the Dungeon.
You were not hungry.

You visited 1 branch of the dungeon, and saw 5 of its levels.

You collected 176 gold pieces.

Inventory:

Hand Weapons
 a - a +0 flail (weapon)
Armour
 b - a +0 scale mail (worn)
 c - a +1 shield (worn)
Jewellery
 n - a ring of protection from magic (left hand)
Scrolls
 f - 3 scrolls of magic mapping
 h - a scroll of enchant weapon {unknown}
Potions
 d - a potion of might
 i - a potion of brilliance
 j - 3 potions of curing
 l - a potion of resistance {unknown}
 o - a potion of lignification {unknown}
 p - 3 potions of degeneration {unknown}
 s - a potion of agility {unknown}
Comestibles
 e - 3 bread rations
 g - 3 fruits
 k - a royal jelly
 r - 3 meat rations


   Skills:
 + Level 8.5 Fighting
 + Level 8.1 Maces & Flails
 - Level 3.6 Armour
 - Level 3.6 Shields


You had 6 spell levels left.
You didn't know any spells.

Dungeon Overview and Level Annotations

Branches:
Dungeon (5/15)
 Temple: D:4-7

Altars:
Dithmenos
Elyvilon
Yredelemnul
Zin
The Shining One

Annotations:
D:5 Pikel


Innate Abilities, Weirdness & Mutations

You reflexively headbutt those who attack you in melee.
You have a pair of horns on your head.


Message History

Pikel is lightly wounded.
You hear the slow rusting of a distant drain.
Pikel hits you but does no damage. The slave hits you!
* * * LOW HITPOINT WARNING * * *
You feel much better. Pikel hits you with a whip of flaming!
* * * LOW HITPOINT WARNING * * *
Pikel burns you.
* * * LOW HITPOINT WARNING * * *
The slave hits you.
* * * LOW HITPOINT WARNING * * *
You block Pikel's attack.
You hit Pikel but do no damage. Your headbutt misses Pikel.
Pikel is lightly wounded.
You block Pikel's attack. You block the slave's attack.
You closely miss Pikel. Your headbutt misses Pikel.
Pikel is lightly wounded.
Pikel hits you with a whip of flaming!
* * * LOW HITPOINT WARNING * * *
Pikel burns you.
You die...

...........................
........................####
...........................######
...............................(.
..<.(..............###......†.#
...................##..##.###.#
....#...........###...###.# ..
....#......###.p##pp### #.# .#
....#...........@Kp## #.. o
...........###..#### ##.
...........###..# ..
....######......####### #.
#..#######..#..........
...?...................
#......##.#####.......(
#......##.#####..##...#
#..........##..........


You could see Pikel (berserk) and 4 slaves.

Vanquished Creatures
  The ghost of stevs the Covert, a novice OpAs (D:5)
  A phantom (D:4)
  A scorpion (D:5)
  The ghost of Olord the Chopper, a weakling DsWn (D:4)
  2 orc priests (D:4)
  2 orc wizards (D:3)
  A hound (D:4)
  A centaur skeleton (D:4)
  An iguana (D:5)
  3 worker ants (D:4)
  A hound skeleton (D:4)
  4 adders
  An ooze (D:3)
  An adder skeleton (D:5)
  3 giant geckos
  12 orcs
  2 ball pythons
  7 bats
  6 giant cockroaches
  5 goblins
  7 hobgoblins
  A quokka (D:3)
  A giant gecko skeleton (D:4)
  5 giant newts
  7 kobolds
  3 rats
80 creatures vanquished.

Notes
Turn   | Place    | Note
--------------------------------------------------------------
     0 | D:1      | TruthSerum the Minotaur Fighter began the quest for the Orb.
     0 | D:1      | Reached XP level 1. HP: 19/19 MP: 0/0
   203 | D:1      | Reached XP level 2. HP: 25/27 MP: 1/1
   268 | D:1      | Reached skill level 4 in Fighting
   814 | D:2      | Reached XP level 3. HP: 34/34 MP: 2/2
   826 | D:2      | Found a white marble altar of Elyvilon.
   867 | D:2      | Found a basalt altar of Yredelemnul.
  1009 | D:2      | Found a glowing silver altar of Zin.
  1303 | D:3      | Reached skill level 5 in Fighting
  1303 | D:3      | Reached XP level 4. HP: 29/42 MP: 3/3
  1573 | D:3      | Reached XP level 5. HP: 48/48 MP: 4/4
  1586 | D:3      | Found a glowing golden altar of the Shining One.
  1805 | D:3      | Found a shadowy altar of Dithmenos.
  1900 | D:4      | Reached skill level 5 in Maces & Flails
  1960 | D:4      | Reached skill level 6 in Fighting
  2206 | D:4      | Noticed Olord's ghost (weakling DsWn)
  2219 | D:4      | Killed Olord's ghost
  2219 | D:4      | Reached XP level 6. HP: 39/57 MP: 5/5
  2378 | D:4      | Reached skill level 7 in Fighting
  2833 | D:5      | Entered Level 5 of the Dungeon
  2897 | D:5      | Reached XP level 7. HP: 39/66 MP: 6/6
  2943 | D:5      | Noticed stevs's ghost (novice OpAs)
  2948 | D:5      | Noticed Pikel
  2975 | D:5      | Killed stevs's ghost
  2975 | D:5      | Reached skill level 8 in Fighting
  2981 | D:5      | HP: 1/69 [Pikel/whip of flaming (12)]
  2981 | D:5      | Slain by Pikel

Vault maps used:
D:1:      dpeg_chamrin_arrival_tetris, minivault_27
D:2:      yredelemnul_altar_generic, zin_statuary,
          nicolae_overflow_crystal_walls, first_bread
D:3:      lemuel_doored_altar, grunt_dithmenos_smoke
D:5:      vehumet_altar_wand_db, portal_sewer_entry_f, uniq_pikel,
          uniq_blork_the_orc

Action                   |  1- 3 |  4- 6 |  7- 9 || total
-------------------------+-------+-------+-------++-------
Melee: Flail             |    77 |   134 |    29 ||   240
  Use: Scroll            |       |     7 |       ||     7
       Potion            |       |       |     2 ||     2
  Eat: Chunk             |     1 |     5 |     1 ||     7
